F3riG vs Theodosios

Match 25498147
End
Engineer Squad
Construct Barracks
Riflemen Squad
Riflemen Squad
Riflemen Squad
Infantry Support Center
M1 Mortar Team
Construct Motor Pool
M24 Chaffee Light Tank
Construct Medical Station
M1918 Browning Automatic Rifles
M1 Anti-tank Gun Team
Munitions Surplus
Riflemen Squad
Grenade Package
M24 Chaffee Light Tank
Advanced Logistics
M1 Anti-tank Gun Team
Riflemen Squad
M24 Chaffee Light Tank
Survival Training
M24 Chaffee Light Tank
Engineer Squad
Construct Tank Depot
M4(105) Sherman Bulldozer
Engineer Squad
M18 Hellcat Tank Destroyer
M18 Hellcat Tank Destroyer
M18 Hellcat Tank Destroyer
FeriG
Theodosios
0
0

Comments sign in to comment!

IIGaryII 9 months ago

Thanks you guys for this exchange ! Really really huge game !!! If i may ... Theodosios' choices on middle game, (8 Rad + PzJager) (x2), decided the victory. In opposition (2 Riflemen + 2 Chaffee), Riflemen make dangers on 8 Rad and PzJager, but not the same thing for PzJager. For DaK side, i think just one 8 Rad + one PzJager is enough to pass "middle game", and search faster Panzer III woulb be a better choice. In replacement, problably more PzGrenadier (with 6 men). And a better use of Panzers III (MG on Roof + Speed fire) could make a difference, specially with "Survival kit" and "Tungstène" upgrade... And maybe a Tiger, if the game become long. For US Side, after both Chaffee, Easy Eight Call (x2) (Tank Doc) could be close the game faster. But FeriG wanted to prolong the pleasure against an opponent of this quality. :D

Theodosios [U] 9 months ago

Long-lasting match of epic proportions